 Dungeon Crawl Stone Soup version 0.30.0-15-g856e2d3f33 (webtiles) character file.

Game seed: 5124162019598036914

51 jasper the Chiller (level 3, -1/26 HPs)
             Began as a Demigod Ice Elementalist on May 18, 2023.
             Slain by Sigmund
             ... wielding a +0 scythe
              (11 damage)
             ... on level 2 of the Dungeon.
             The game lasted 00:02:04 (1398 turns).

jasper the Chiller (Demigod Ice Elementalist)       Turns: 1398, Time: 00:02:05

Health: -1/26      AC:  2    Str:  9    XL:     3   Next: 38%
Magic:  3/8        EV: 12    Int: 21    God:
Gold:   95         SH:  0    Dex: 14    Spells: 1/5 levels left

rFire   + . .        e - +0 short sword
rCold   + . .        (no shield)
rNeg    . . .        a - +0 robe
rPois   +            (no helmet)
rElec   +            (no cloak)
rCorr   +            (no gloves)
SInv    .            (no boots)
Will    .....        (no amulet)
Stlth   ++           (no ring)
HPRegen 0.24/turn    (no ring)
MPRegen 0.11/turn

%: no passive effects
@: resistant, freezing walls
A: high MP 1, forlorn, divine attributes
a: no special abilities


You were on level 2 of the Dungeon.
You visited 1 branch of the dungeon, and saw 2 of its levels.

You collected 95 gold pieces.

Inventory:

Hand Weapons
 e - a +0 short sword (weapon)
Armour
 a - a +0 robe (worn)
Jewellery
 f - a ring of protection from cold
Scrolls
 c - a scroll of vulnerability {unknown}
Potions
 b - a potion of magic
 j - a potion of haste {unknown}
 k - 2 potions of curing {unknown}


   Skills:
 - Level 1.7 Dodging
 - Level 1.7 Stealth
 - Level 1.7 Spellcasting
 + Level 4.9 Ice Magic


You had one spell level left.
You knew the following spells:

 Your Spells              Type           Power      Damage    Failure   Level
a - Freeze                Ice            88%        1d9       1%          1
b - Frozen Ramparts       Ice            44%        1d7       6%          3

Your spell library contained the following spells:

 Spells                   Type           Power      Damage    Failure   Level
 Ozocubu's Armour         Ice            22%        N/A       6%          3
 Summon Ice Beast         Ice/Summ       12%        N/A       50%         4


Dungeon Overview and Level Annotations

Branches:
Dungeon (2/15)

Annotations:
D:2 Sigmund


Innate Abilities, Weirdness & Mutations

You have an increased reservoir of magic. (+10% MP)
You shall have no god before yourself.
Your divine heritage dramatically boosts your attributes as you level up.


Message History

You kill the worm!
You now have 4/8 mp.
Sigmund gestures at you while chanting. The puff of flame hits you!
You take 8 damage, and have 18/26 hp.
MASSIVE DAMAGE!!
Sigmund mumbles some strange words.
Sigmund flickers and vanishes!
Deactivating autopickup; reactivate with Ctrl-A.
A puff of flame appears from out of thin air!
The puff of flame hits you!
You take 6 damage, and have 13/26 hp.
MASSIVE DAMAGE!!
Casting: Freeze (safe; 1% risk of failure)
Confirm with . or Enter, or press ? or * to list all spells.
The spell is quite dangerous to miscast (6% risk of failure)!
Continue anyway?
Casting: Frozen Ramparts (quite dangerous; 6% risk of failure)
Press: ? - help, Dir - look around, f - activate The walls around you are covered in ice.
The wall freezes something.
You hear some strange, mumbled words.
You are confused.
You now have 2/8 mp.
You feel protected.
The wall freezes something.
A magic dart appears from out of thin air!
The magic dart hits you!
* * * LOW HITPOINT WARNING * * *
You take 8 damage, and have 5/26 hp.
MASSIVE DAMAGE!!
It was a potion of heal wounds.
You feel much better.
The wall freezes something!
Health restored: 26 The wall freezes something.
Something hits you!
You take 10 damage, and have 16/26 hp.
MASSIVE DAMAGE!!
The wall freezes something.
Something completely misses you.
You feel less confused.
The wall freezes something.
A magic dart appears from out of thin air!
The magic dart hits you!
You take 7 damage, and have 9/26 hp.
MASSIVE DAMAGE!!
The wall freezes something.
Something hits you!
You die...

##### ####.... ♣
#....♣♣.
♣P.♣#####
#..♣♣♣♣.
#.......#########
#..♣♣PP.
........{.@.....#
#.♣♣PP..
........######..#
#.♣♣P...
.#......# #.##
#......⌠ #......#
#.# #.♣♣P...
#.....[# #.#
##♣♣PP.. ##.##.##
#.# ♣♣PP) #. ..
#.#######♣♣♣♣. #
.. #^........# ♣.
#########.# #.


There were no monsters in sight!

Vanquished Creatures
  A worm (D:2)
  2 dart slugs (D:1)
  2 ball pythons
  8 bats
  2 endoplasms
  2 giant cockroaches (D:1)
  3 goblins (D:1)
  6 hobgoblins (D:1)
  7 kobolds
  2 quokkas (D:1)
  2 frilled lizards (D:1)
  4 rats (D:1)
41 creatures vanquished.

Notes
Turn   | Place    | Note
-------+----------+-------------------------------------------
     0 | D:1      | jasper the Demigod Ice Elementalist began the quest for the
                  | Orb.
     0 | D:1      | Reached XP level 1. HP: 14/14 MP: 5/5
   128 | D:1      | Reached skill level 4 in Ice Magic
   138 | D:1      | Reached XP level 2. HP: 20/20 MP: 0/7
   758 | D:1      | Reached XP level 3. HP: 26/26 MP: 5/8
   765 | D:1      | Learned a level 3 spell: Frozen Ramparts
  1377 | D:2      | Noticed Sigmund
  1398 | D:2      | Slain by Sigmund

Illustrated notes

Levels and vault maps discovered:
D:1:      evilmike_arrival_plus, layout_loops_ring
D:2:      layout_rooms, serial_forest, infiniplex_forest_clump_long,
          infiniplex_forest_lined_2, infiniplex_forest_clump_small,
          infiniplex_forest_lined_room_, infiniplex_forest_corner_1,
          infiniplex_forest_straight_2, infiniplex_forest_diagonal,
          infiniplex_forest_fountain, corner_web_ring, solitary_fountain,
          dk_noncrumbling_4, uniq_sigmund

Skill      XL: |  1 |
---------------+----+-----
Ice Magic      | 4 |  4.9
Dodging        | |  1.7
Stealth        | |  1.7
Spellcasting   | |  1.7

Action                     || total
---------------------------++-------
  Melee: Unarmed           ||     2
         Short sword       ||    12
         Punch             ||     1
   Cast: Freeze            ||    58
         Frozen Ramparts   ||     1
    Use: Scroll            ||     4
         Potion            ||     2
 Armour: Robe              ||     6
  Dodge: Dodged            ||    32
